 Dungeon Crawl Stone Soup version 0.21.0-3-g78d12a8 (webtiles) character file.

11859 tidbits the Covert (level 11, 8/58 HPs)
             Began as a Vine Stalker Air Elementalist on Jan 11, 2018.
             Was a Priest of Cheibriados.
             Quit the game on level 13 of the Dungeon.
             The game lasted 00:58:38 (5989 turns).

tidbits the Covert (Vine Stalker Air Elementalist)  Turns: 5989, Time: 00:58:39

Health: 8/58       AC:  7    Str: 20      XL:     11   Next: 84%
Magic:  0/27       EV: 17    Int: 22 (23) God:    Cheibriados [***...]
Gold:   507        SH:  0    Dex: 24      Spells: 1/18 levels left

rFire    . . .     SeeInvis .   a - +4 scimitar (flame)
rCold    . . .     Gourm    .   (no shield)
rNeg     . . .     Faith    +   B - +2 leather armour {rPois}
rPois    +         Spirit   +   E - +1 hat
rElec    .         Reflect  .   (no cloak)
rCorr    .         Harm     .   (no gloves)
MR       +....                  F - +0 pair of boots
Stlth    +++++.....             n - amulet of faith
HPRegen  0.59/turn              v - ring of magical power
MPRegen  0.20/turn              K - ring of flight

@: very slow
A: fangs 3, agile 1, blink, deterioration 1, regeneration 1, magic shield,
antimagic bite, no potion heal 3, rot immunity
a: Blink, Bend Time, Temporal Distortion, Renounce Religion, Evoke Flight


You were on level 13 of the Dungeon.
You worshipped Cheibriados.
Cheibriados was most pleased with you.
You were not hungry.

You visited 2 branches of the dungeon, and saw 14 of its levels.
You also visited: Sewer.

You collected 507 gold pieces.

Inventory:

Hand Weapons
 a - a +4 scimitar of flaming (weapon)
   (You took it off Erica on level 11 of the Dungeon)
 b - a +3 dagger of venom
   (You took it off an orc priest on level 5 of the Dungeon)
 d - a +0 hunting sling
 w - a +0 fustibalus
 O - a +2 falchion of freezing
   (You took it off an orc priest on level 8 of the Dungeon)
 R - a cursed +0 war axe
 V - a +2 short sword of freezing
   (You took it off a wight on level 11 of the Dungeon)
Missiles
 k - 7 javelins (quivered)
 L - 144 arrows
 M - 19 tomahawks
Armour
 s - the +1 robe of the Buccaneer {rF+ rC+ Str+2, unknown}
   (You took it off an orc on level 13 of the Dungeon)

   It affects your strength (+2).
   It protects you from fire.
   It protects you from cold.
 B - a +2 leather armour of poison resistance (worn)
   (You took it off an orc on level 8 of the Dungeon)
 D - a +1 robe of cold resistance
   (You took it off Fannar on level 10 of the Dungeon)
 E - a +1 hat (worn)
 F - a +0 pair of boots (worn)
 N - a +0 leather armour
 Y - a +1 robe of positive energy
   (You took it off Erica on level 11 of the Dungeon)
Magical Staves
 Q - an uncursed staff of cold
   (You took it off Fannar on level 10 of the Dungeon)
Jewellery
 n - an amulet of faith (around neck)
   (You found it on level 12 of the Dungeon)
 v - a ring of magical power (left hand)
   (You found it on level 4 of the Dungeon)
 I - an uncursed amulet of regeneration
   (You found it on level 6 of the Dungeon)
 K - a ring of flight (right hand)
   (You found it on level 6 of the Dungeon)
Wands
 t - a wand of paralysis (15)
 x - a wand of enslavement (9)
 y - a wand of scattershot (3)
 T - a wand of flame (41)
 U - a wand of random effects (22)
Scrolls
 e - a scroll of enchant weapon
 l - 4 scrolls of teleportation
 p - 2 scrolls of immolation
 q - 4 scrolls of blinking
 r - 2 scrolls of remove curse
 A - 3 scrolls of fog
 J - 3 scrolls of amnesia
Potions
 f - 2 potions of might
 h - 6 potions of haste
 i - 5 potions of curing
 j - a potion of berserk rage {unknown}
 m - 3 potions of flight
 o - a potion of mutation {!q}
 u - 2 potions of lignification
 H - a potion of brilliance
 P - a potion of magic
 Z - a potion of resistance
Books
 g - a book of Air

   Spells                             Type                      Level
   a - Shock                          Conjuration/Air              1
   b - Swiftness                      Charms/Air                   2
   c - Static Discharge               Conjuration/Air              3
   d - Airstrike                      Air                          4
   e - Lightning Bolt                 Conjuration/Air              5
 z - a book of Misfortune
   (You found it on level 4 of the Dungeon)

   Spells                             Type                      Level
   a - Confusing Touch                Hexes                        1
   b - Confuse                        Hexes                        3
   c - Gell's Gravitas                Translocation                3
   d - Petrify                        Transmutation/Earth          4
   e - Metabolic Englaciation         Hexes/Ice                    5
   f - Yara's Violent Unravelling     Hexes/Transmutation          5
 W - a book of Minor Magic
   (You found it on level 9 of the Dungeon)

   Spells                             Type                      Level
   a - Magic Dart                     Conjuration                  1
   b - Blink                          Translocation                2
   c - Call Imp                       Summoning                    2
   d - Slow                           Hexes                        2
   e - Conjure Flame                  Conjuration/Fire             3
   f - Mephitic Cloud                 Conjuration/Poison/Air       3
Comestibles
 c - 16 rations


   Skills:
 - Level 7.6 Fighting
 - Level 4.1(5.1) Short Blades
 + Level 4.7(5.4) Long Blades
 - Level 5.8 Dodging
 - Level 11.0 Stealth
 - Level 4.1 Spellcasting
 - Level 4.5 Conjurations
 - Level 1.9 Summonings
 - Level 1.8 Translocations
 - Level 2.7 Fire Magic
 - Level 5.4 Air Magic
 - Level 2.7 Poison Magic
 + Level 5.1 Invocations


You had one spell level left.
You knew the following spells:

 Your Spells              Type           Power        Failure   Level  Hunger
a - Shock                 Conj/Air       ####         1%          1    None
b - Blink                 Tloc           N/A          9%          2    #......
c - Conjure Flame         Conj/Fire      ###.....     9%          3    ##.....
d - Static Discharge      Conj/Air       ####....     4%          3    ##.....
i - Call Imp              Summ           ##......     9%          2    #......
m - Mephitic Cloud        Conj/Pois/Air  ###.....     7%          3    ##.....
t - Confusing Touch       Hex            #.....       13%         1    None
W - Swiftness             Chrm/Air       ###.....     6%          2    #......


Dungeon Overview and Level Annotations

Branches:
Dungeon (13/15)            Temple (1/1) D:7            Lair (0/6) D:8
    Orc (0/2) D:9
 Vaults: D:13-14

Altars:
Ashenzari
Cheibriados
Dithmenos
Elyvilon
Fedhas
Gozag
Hepliaklqana
Kikubaaqudgha
Makhleb
Nemelex Xobeh
Okawaru
Qazlal
Ru
Sif Muna
Trog
Uskayaw
Vehumet
Wu Jian
Xom
Yredelemnul
Zin
The Shining One

Shops:
D:11 *

Annotations:
D:3 1 transporter
D:7 1 transporter, exclusion: ice beast
D:8 exclusion: downstairs
D:10 exclusion: upstairs
D:12 Inarius's ghost, journeyman DrIE


Innate Abilities, Weirdness & Mutations

You have razor-sharp teeth.
Your natural rate of healing is unusually fast.
When hurt, damage is shared between your health and your magic reserves.
Your bite disrupts and absorbs the magic of your enemies.
Potions cannot restore your health.
You are immune to rotting.
You are agile. (Dex +2)
You can translocate small distances at will.
Your body sometimes deteriorates upon taking damage.


Message History

Press: ? - help, Dir - move target cursor The fire ignites!
Press: ? - help, v - describe, . - travel
Here: a flayed ghost (flame)
The floor.
You miss the flayed ghost.
The flayed ghost is engulfed in blazing flames.
The flayed ghost hits you!!
You don't have enough magic at the moment.
You slash the flayed ghost! You burn the flayed ghost.
You bite the flayed ghost.
The flayed ghost's magic leaks into the air.
You drain its magic.
You feel invigorated.
The flayed ghost is heavily damaged.
The flayed ghost is engulfed in blazing flames.
The flayed ghost hits you but does no damage.
You barely miss the flayed ghost. You bite the flayed ghost!
The flayed ghost's magic leaks into the air.
You drain its magic.
You feel invigorated.
The flayed ghost is severely damaged.
The flayed ghost is engulfed in blazing flames.
The flayed ghost falters for a moment.
You slash the flayed ghost! You burn the flayed ghost.
You destroy the flayed ghost!
Cheibriados thoroughly appreciates the change of pace.
Your Invocations skill increases to level 5!
The gargoyle hurls a stone arrow at you.
The stone arrow hits you! The flow of time bends around you.
The gargoyle resists with some effort.
You feel slightly more hungry. The gargoyle completely misses you.
You riposte.
You barely miss the gargoyle.
You bite the gargoyle, but do no damage.
The flow of time bends around you.
Cheibriados rebukes the gargoyle.
The gargoyle seems to slow down.
You feel slightly more hungry. The gargoyle barely misses you.
Your leather armour prevents you from hitting the gargoyle.
Your bite misses the gargoyle. You closely miss the gargoyle.
Your bite misses the gargoyle. The gargoyle closely misses you.
You riposte.
You hit the gargoyle but do no damage.
You bite the gargoyle, but do no damage.
You hit the gargoyle but do no damage.
The gargoyle hurls a stone arrow at you.
The stone arrow hits you!
* * * LOW HITPOINT WARNING * * *
Your body deteriorates!
You feel dopey.
You barely miss the gargoyle. Your bite misses the gargoyle.
A shadow comes into view.
Press: ? - help, v - describe, . - travel
Here: a gargoyle, wielding a flail (slow)
The floor.
Unknown command.
Casting: Conjure Flame
Confirm with . or Enter, or press ? or * to list all spells.
Aiming: Conjure Flame
Press: ? - help, Dir - move target cursor The fire ignites!
The gargoyle hits you with a flail!
* * * LOW HITPOINT WARNING * * *
Unknown command.
Evoke which item? (* to show all) (? for menu, Esc to quit)
Aiming: Scattershot
Press: ? - help, Shift-Dir - straight line, f - gargoyle
Aim: a gargoyle, wielding a flail (slow)
The burst of metal fragments hits the gargoyle. x4
Evoke which item? (* to show all) (? for menu, Esc to quit)
Aiming: Enslavement
Press: ? - help, Shift-Dir - straight line, f/p - gargoyle
Aim: a gargoyle, wielding a flail (slow, chance to defeat MR: 28%)
The gargoyle easily resists.
The gargoyle hits you with a flail.
* * * LOW HITPOINT WARNING * * *
Evoke which item? (* to show all) (? for menu, Esc to quit)
Aiming: Paralyse
Press: ? - help, Shift-Dir - straight line, f/p - gargoyle
Aim: a gargoyle, wielding a flail (slow, chance to defeat MR: 28%)
The gargoyle easily resists.
Evoke which item? (* to show all) (? for menu, Esc to quit)
Aiming: Paralyse
Press: ? - help, Shift-Dir - straight line, f/p - gargoyle
Aim: a gargoyle, wielding a flail (slow, chance to defeat MR: 28%)
The gargoyle easily resists.
The gargoyle hits you with a flail!
* * * LOW HITPOINT WARNING * * *
Evoke which item? (* to show all) (? for menu, Esc to quit)
Aiming: Paralyse
Press: ? - help, Shift-Dir - straight line, f/p - gargoyle
Aim: a gargoyle, wielding a flail (slow, chance to defeat MR: 28%)
The gargoyle easily resists.
Evoke which item? (* to show all) (? for menu, Esc to quit)
Aiming: Paralyse
Press: ? - help, Shift-Dir - straight line, f/p - gargoyle
Aim: a gargoyle, wielding a flail (slow, chance to defeat MR: 28%)
The gargoyle easily resists.
The gargoyle is no longer moving slowly.
The shadow is engulfed in blazing flames.
The shadow barely misses you.
You riposte.
You hit the shadow but do no damage. Your bite misses the shadow.
The shadow is moderately damaged.
The gargoyle hits you but does no damage.
Okay, then.
Are you sure you want to abandon this character and quit the game? (Confirm with "yes".)

#))...............#
#.###############.. #.#
### #.# ##.. . #.##
##... .9 #))# #..>. ..
#.)######### ##.... #.
##)........# #..... ..
#@........#.......
#####.#W9#........##....
................. ##...
................. #...
.......†#.......# #....
........#........ ......
........).......# .#....
................#
..........##..#.


You could see a gargoyle and a shadow.

Vanquished Creatures
  Fannar (D:10)
  Erica (D:11)
  2 two-headed ogres (D:13)
  A flayed ghost (D:13)
  A manticore (D:13)
  2 trolls
  A polar bear (D:11)
  2 hornets
  4 hippogriffs
  A shadow (D:12)
  Eustachio (D:6)
  A hungry ghost (D:8)
  A vampire mosquito (D:13)
  3 water moccasins
  2 sky beasts
  3 orc warriors
  3 ice beasts (D:11)
  3 black bears
  2 ogres
  A phantom (D:8)
  A wolf (D:11)
  A necrophage (D:12)
  An eye of draining (D:12)
  8 centaurs
  4 big kobolds
  5 bullfrogs
  A wyvern skeleton (D:12)
  4 scorpions
  4 killer bees (D:12)
  3 howler monkeys
  11 wights
  7 crimson imps
  3 centaur zombies
  6 hounds
  2 centaur skeletons
  5 orc priests
  2 bullfrog skeletons (D:8)
  3 orc wizards
  3 iguanas
  2 worker ants
  A centaur simulacrum (D:11)
  2 bullfrog simulacra (D:11)
  A hound zombie (D:7)
  10 adders
  3 river rats
  A shadow imp (D:11)
  A white imp (D:11)
  A howler monkey simulacrum (D:11)
  2 ufetubi (D:11)
  2 worms
  3 dart slugs
  A leopard gecko (D:7)
  29 orcs
  8 bats
  5 giant cockroaches
  5 goblins
  7 hobgoblins
  12 jackals
  4 quokkas
  A ball python (D:5)
  2 frilled lizards (D:2)
  A giant cockroach zombie (D:6)
  22 kobolds
  A leopard gecko skeleton (D:5)
  A quokka skeleton (D:6)
  A quokka zombie (D:9)
  7 rats
246 creatures vanquished.

Vanquished Creatures (collateral kills)
  A centaur zombie (D:13)
  An orc (D:13)
2 creatures vanquished.

Vanquished Creatures (others)
  An orc warrior (D:13)
  A bush (D:8)
2 creatures vanquished.

Grand Total: 250 creatures vanquished

Notes
Turn   | Place    | Note
-------+----------+-------------------------------------------
     0 | D:1      | tidbits the Vine Stalker Air Elementalist began the quest for the Orb.
     0 | D:1      | Reached XP level 1. HP: 9/9 MP: 4/4
   251 | D:1      | Reached XP level 2. HP: 14/14 MP: 1/6
   255 | D:1      | Learned a level 2 spell: Swiftness
   314 | D:1      | Reached skill level 3 in Stealth
   356 | D:1      | Reached skill level 1 in Fighting
   551 | D:2      | Reached skill level 1 in Short Blades
   551 | D:2      | Reached XP level 3. HP: 18/18 MP: 3/7
  1081 | D:2      | Gained mutation: Your natural rate of healing is unusually fast. [Vine Stalker growth]
  1081 | D:2      | Reached XP level 4. HP: 21/23 MP: 5/8
  1171 | D:3      | Found an iron altar of Okawaru.
  1233 | D:2      | Gained mutation: You can translocate small distances at will. [potion of mutation]
  1233 | D:2      | Gained mutation: Your body sometimes deteriorates upon taking damage. [potion of mutation]
  1233 | D:2      | Gained mutation: You are agile. (Dex +2) [potion of mutation]
  1242 | D:3      | Found a transporter.
  1370 | D:3      | Reached skill level 2 in Fighting
  1370 | D:3      | Reached skill level 4 in Stealth
  1380 | D:3      | Found a glowing drain.
  1384 | Sewer    | Entered a sewer
  1439 | Sewer    | Noticed a big kobold
  1457 | Sewer    | Killed a big kobold
  1457 | Sewer    | Reached skill level 2 in Short Blades
  1457 | Sewer    | Reached XP level 5. HP: 20/27 MP: 3/9
  1474 | Sewer    | Found a white marble altar of Elyvilon.
  1584 | D:4      | Reached skill level 5 in Stealth
  1584 | D:4      | Reached XP level 6. HP: 28/32 MP: 5/10
  1586 | D:4      | Reached skill level 3 in Fighting
  1731 | D:4      | Learned a level 1 spell: Confusing Touch
  1762 | D:4      | Reached skill level 3 in Short Blades
  1778 | D:5      | Entered Level 5 of the Dungeon
  1868 | D:5      | Reached XP level 7. HP: 36/36 MP: 11/11
  1965 | D:6      | Noticed Eustachio
  1987 | D:6      | Killed Eustachio
  1987 | D:6      | Reached skill level 6 in Stealth
  2000 | D:6      | Reached skill level 4 in Fighting
  2062 | D:6      | Reached skill level 4 in Short Blades
  2092 | D:6      | Found a stormy altar of Qazlal.
  2157 | D:6      | Learned a level 3 spell: Static Discharge
  2209 | D:7      | Gained mutation: You have razor-sharp teeth. [Vine Stalker growth]
  2209 | D:7      | Reached XP level 8. HP: 34/42 MP: 7/13
  2530 | D:5      | Reached skill level 3 in Spellcasting
  2530 | D:5      | Reached skill level 2 in Conjurations
  2736 | D:5      | Reached skill level 4 in Air Magic
  2857 | D:6      | Reached skill level 3 in Conjurations
  2872 | D:6      | Reached skill level 4 in Spellcasting
  2916 | D:7      | Found a transporter.
  2980 | D:7      | Found a staircase to the Ecumenical Temple.
  3133 | D:8      | Reached skill level 7 in Stealth
  3141 | D:8      | Noticed a hippogriff
  3211 | D:8      | Reached skill level 2 in Dodging
  3252 | D:7      | Reached XP level 9. HP: 46/46 MP: 16/16
  3350 | D:8      | Reached skill level 5 in Fighting
  3369 | D:8      | Reached skill level 3 in Dodging
  3397 | D:8      | Reached skill level 8 in Stealth
  3524 | D:8      | Found a staircase to the Lair.
  3617 | D:8      | Reached skill level 6 in Fighting
  3617 | D:8      | Reached skill level 4 in Dodging
  3617 | D:8      | Reached skill level 9 in Stealth
  3822 | D:8      | Reached XP level 10. HP: 53/53 MP: 17/17
  3915 | Temple   | Entered the Ecumenical Temple
  3952 | Temple   | Became a worshipper of Cheibriados the Contemplative
  4274 | D:10     | Entered Level 10 of the Dungeon
  4284 | D:10     | Noticed Fannar
  4314 | D:10     | Killed Fannar
  4314 | D:10     | Reached skill level 7 in Fighting
  4314 | D:10     | Reached skill level 5 in Dodging
  4314 | D:10     | Reached skill level 10 in Stealth
  4402 | D:9      | Found a staircase to the Orcish Mines.
  4533 | D:9      | Learned a level 3 spell: Mephitic Cloud
  4536 | D:9      | Learned a level 2 spell: Blink
  4539 | D:9      | Learned a level 2 spell: Call Imp
  4543 | D:9      | Learned a level 3 spell: Conjure Flame
  4769 | D:10     | Reached * piety under Cheibriados
  4839 | D:11     | Reached skill level 1 in Fire Magic
  4839 | D:11     | Reached skill level 1 in Poison Magic
  4870 | D:11     | Reached skill level 5 in Air Magic
  4953 | D:11     | Reached skill level 4 in Conjurations
  5063 | D:11     | Reached skill level 2 in Fire Magic
  5063 | D:11     | Reached skill level 2 in Poison Magic
  5065 | D:11     | Reached skill level 1 in Summonings
  5135 | D:12     | Found Figun's Assorted Antiques.
  5147 | D:12     | Reached ** piety under Cheibriados
  5180 | D:12     | Reached XP level 11. HP: 46/58 MP: 18/18
  5231 | D:12     | Noticed Inarius's ghost (journeyman DrIE)
  5276 | D:11     | Found Odanamar's Elemental Accessories.
  5285 | D:11     | Noticed Erica
  5365 | D:11     | Killed Erica
  5365 | D:11     | Reached skill level 1 in Translocations
  5365 | D:11     | Reached skill level 1 in Invocations
  5429 | D:11     | Reached skill level 11 in Stealth
  5439 | D:11     | Noticed a two-headed ogre
  5451 | D:11     | Reached skill level 1 in Long Blades
  5455 | D:11     | HP: 1/58 [two-headed ogre/dire flail (12)]
  5697 | D:12     | Noticed a two-headed ogre
  5746 | D:12     | Reached skill level 2 in Long Blades
  5746 | D:12     | Reached skill level 2 in Invocations
  5869 | D:13     | Reached *** piety under Cheibriados
  5869 | D:13     | Reached skill level 3 in Invocations
  5878 | D:13     | Reached skill level 3 in Long Blades
  5904 | D:13     | Noticed a two-headed ogre
  5907 | D:13     | Noticed a two-headed ogre
  5914 | D:13     | Killed a two-headed ogre
  5925 | D:13     | Killed a two-headed ogre
  5925 | D:13     | Reached skill level 4 in Long Blades
  5925 | D:13     | Reached skill level 4 in Invocations
  5945 | D:13     | Got a shimmering robe
  5947 | D:13     | Noticed a manticore
  5961 | D:13     | Killed a manticore
  5971 | D:13     | Noticed a flayed ghost
  5975 | D:13     | Killed a flayed ghost
  5975 | D:13     | Reached skill level 5 in Invocations
  5989 | D:13     | Quit the game

Skill      XL: |  1  2  3  4  5  6  7  8  9 10 11 |
---------------+----------------------------------+-----
Stealth        | 3 4 5 6 7 9 10 11 | 11.0
Fighting       | 1 2 3 4 6 7 |  7.6
Short Blades   | 1 2 3 4 |  4.1
Spellcasting   | 4 |  4.1
Conjurations   | 3 4 |  4.5
Air Magic      | 4 5 |  5.4
Dodging        | 2 4 5 |  5.8
Fire Magic     | 2 |  2.7
Poison Magic   | 2 |  2.7
Summonings     | 1 |  1.9
Translocations | 1 |  1.8
Invocations    | 5 |  5.1
Long Blades    | 4 |  4.7

Action                   |  1- 3 |  4- 6 |  7- 9 | 10-12 || total
-------------------------+-------+-------+-------+-------++-------
Melee: Dagger            |     6 |    60 |   198 |   163 ||   427
       Short sword       |     4 |       |       |       ||     4
       Bite              |     1 |    20 |    65 |    63 ||   149
       Unarmed           |       |       |       |    18 ||    18
       Scimitar          |       |       |       |    30 ||    30
Throw: Javelin           |       |       |       |     1 ||     1
 Cast: Shock             |    62 |    39 |   106 |   151 ||   358
       Static Discharge  |       |       |     2 |     5 ||     7
       Mephitic Cloud    |       |       |       |     7 ||     7
       Conjure Flame     |       |       |       |     5 ||     5
       Blink             |       |       |       |     3 ||     3
       Call Imp          |       |       |       |     1 ||     1
Invok: Bend Time         |       |       |       |     8 ||     8
Evoke: Wand              |       |       |       |     7 ||     7
  Use: Scroll            |       |     6 |    13 |     6 ||    25
       Potion            |       |     1 |       |     6 ||     7
 Stab: Sleeping          |     1 |     1 |    13 |     9 ||    24
       Confused          |       |       |       |     4 ||     4
  Eat: Chunk             |     1 |     4 |     8 |     1 ||    14
       Ration            |       |       |       |     2 ||     2
Armor: Robe              |     6 |    12 |     3 |       ||    21
       Leather armour    |       |       |    58 |    60 ||   118
       Skin              |       |       |       |    40 ||    40
Dodge: Dodged            |    29 |    28 |   118 |   194 ||   369
       Rpst.: Scimitar   |       |       |       |     7 ||     7

Table legend:
 A = Turns spent in this place as a percentage of turns spent in the entire game.
 B = Non-inter-level travel turns spent in this place as a percentage of non-inter-level travel turns spent in the entire game.
 C = Inter-level travel turns spent in this place as a percentage of turns spent in this place.
 D = Turns resting spent in this place as a percentage of non-inter-level travel turns spent in this place.
 E = Turns spent auto-exploring this place as a percentage of non-inter-level travel turns spent in this place.
 F = Non-inter-level travel turns spent in this place divided by the number of levels of this place that you've seen.
                   A       B       C       D       E      F
               +-------+-------+-------+-------+-------+----------------------
         Total | 100.0 | 100.0 |   5.4 |   0.4 |   0.1 | 377.6
       Dungeon |  96.7 |  97.1 |   5.0 |   0.4 |   0.1 | 422.9
        Temple |   1.2 |   0.7 |  45.9 |   0.0 |   0.0 |  40.0
         Sewer |   2.1 |   2.2 |   0.0 |   0.0 |   0.0 | 126.0
               +-------+-------+-------+-------+-------+----------------------

Table legend:
 A = Kills in this place as a percentage of kills in entire the game.
 B = Kills by you in this place as a percentage of kills by you in the entire game.
 C = Kills by friends in this place as a percentage of kills by friends in the entire game.
 D = Other kills in this place as a percentage of other kills in the entire game.
 E = Experience gained in this place as a percentage of experience gained in the entire game.
 F = Experience gained in this place divided by the number of levels of this place that you have seen.
                   A       B       C       D       E      F
               +-------+-------+-------+-------+-------+----------------------
         Total | 100.0 | 100.0 | 100.0 |   N/A | 100.0 | 1129.5
       Dungeon |  96.0 |  95.9 | 100.0 |   N/A |  99.2 | 1292.6
         Sewer |   4.0 |   4.1 |   0.0 |   N/A |   0.8 | 138.0
               +-------+-------+-------+-------+-------+----------------------

Vault maps used:
D:1:      minmay_arrival_checkered_box
D:3:      gammafunk_wand_slinger, gup_sewer_entry_bowl, first_ration,
          okawaru_ov_weapons_minmay
D:5:      kb_forest_paths
D:6:      grunt_qazlal_clouds, uniq_eustachio
D:7:      gammafunk_beogh_shrine, minmay_temple_entry_from_below_b,
          serial_shops, shop
D:8:      lair_entry_dummy, blue_anna_alchemist, kb_lookout_dungeons_type
D:9:      orc_0_dummy
D:10:     uniq_fannar, uniq_snorg
D:11:     serial_ice, serial_ice_k, serial_ice_h, serial_ice_e, serial_ice_b,
          serial_ice_a, serial_ice_c, nicolae_elemental_shop, uniq_erica
D:12:     serial_shops, shop, shop
D:13:     minmay_expanding_squares, serial_shops, shop, hex_tiny
Temple:   kilobyte_greek_temple
Sewer:    sewer_kobolds
